 Dungeon Crawl Stone Soup version 0.29.1-15-g9cfb28693d (webtiles) character file.

Game seed: 16439407278003029503

375 BuddhaDhamma the Cleaver (level 6, -8/76 HPs)
             Began as a Minotaur Berserker on Mar 27, 2023.
             Was a Believer of Trog.
             Mangled by a gnoll bouda
             ... wielding a +0 club
              (9 damage)
             ... on level 5 of the Dungeon.
             The game lasted 00:05:13 (3506 turns).

BuddhaDhamma the Cleaver (Minotaur Berserker)       Turns: 3506, Time: 00:05:14

Health: -8/76      AC:  8    Str: 23    XL:     6   Next: 44%
Magic:  5/5        EV:  8    Int:  4    God:    Trog [**....]
Gold:   180        SH:  0    Dex: 10    Spells: 5/5 levels left

rFire   . . .      SeeInvis .   b - +0 hand axe (vorpal)
rCold   . . .      Faith    +   (no shield)
rNeg    . . .      Spirit   .   w - +0 chain mail
rPois   .          Reflect  .   (helmet restricted)
rElec   .          Harm     .   (no cloak)
rCorr   .          Rampage  .   (no gloves)
Will    +....                   (no boots)
Stlth   ..........              g - amulet of faith
HPRegen 0.22/turn               h - ring of willpower
MPRegen 0.09/turn               (no ring)

@: berserking, weakened, very quick
A: horns 2, retaliatory headbutt
a: Renounce Religion, Berserk, Trog's Hand


You were on level 5 of the Dungeon.
You worshipped Trog.
Trog was pleased with you.
You visited 1 branch of the dungeon, and saw 5 of its levels.

You collected 180 gold pieces.

Inventory:

Hand Weapons
 b - a +0 vorpal hand axe (weapon)
Missiles
 c - 11 poisoned darts (quivered)
Armour
 w - a +0 chain mail (worn)
Jewellery
 g - an amulet of faith (around neck)
 h - a ring of willpower (left hand)
 i - a +6 ring of intelligence
Scrolls
 d - 2 scrolls of magic mapping {unknown}
 j - 3 scrolls of noise {unknown}
 k - 2 scrolls of blinking {unknown}
 n - 2 scrolls of teleportation {unknown}
 o - a scroll of fear {unknown}
 p - 3 scrolls of identify {unknown}
 q - a scroll of summoning {unknown}
 u - a scroll of amnesia {unknown}
Potions
 a - a potion of haste
 e - 2 potions of brilliance {unknown}
 f - a potion of curing {unknown}
 l - a potion of heal wounds {unknown}
 m - a potion of berserk rage {unknown}
 r - a potion of flight {unknown}
 t - a potion of ambrosia {unknown}
 v - a potion of attraction {unknown}


   Skills:
 - Level 3.6 Fighting
 + Level 8.8 Axes
 - Level 2.4 Armour
 - Level 2.1 Dodging


You had 5 spell levels left.
You didn't know any spells.
Your spell library was empty.

Dungeon Overview and Level Annotations

Branches:
Dungeon (5/15)
 Temple: D:4-7

Altars:
Qazlal


Innate Abilities, Weirdness & Mutations

You have a pair of horns on your head.
You reflexively headbutt those who attack you in melee.


Message History

The black bear goes berserk!
You hit the black bear.
The black bear is severely wounded.
You closely miss the gnoll bouda. The black bear bites you.
The black bear claws you. The black bear barely misses you.
The gnoll bouda hits you with a +0 club.
You are too injured to fight recklessly!
You hit the black bear but do no damage.
The black bear is severely wounded.
You hit the gnoll bouda. The black bear bites you. The black bear claws you.
The black bear claws you but does no damage.
You hit the black bear.
The black bear is almost dead.
You hit the gnoll bouda. The black bear bites you! The black bear claws you.
* * * LOW HITPOINT WARNING * * *
The black bear claws you.
* * * LOW HITPOINT WARNING * * *
The gnoll bouda hits you with a +0 club.
* * * LOW HITPOINT WARNING * * *
The black bear bites you but does no damage.
The black bear claws you but does no damage.
The black bear claws you.
* * * LOW HITPOINT WARNING * * *
You hit the black bear but do no damage.
The black bear is almost dead.
You closely miss the gnoll bouda. The gnoll bouda barely misses you.
The black bear closely misses you. The black bear claws you.
* * * LOW HITPOINT WARNING * * *
The black bear claws you.
* * * LOW HITPOINT WARNING * * *
A red film seems to cover your vision as you go berserk!
You feel yourself moving faster!
You feel mighty!
The black bear bites you but does no damage.
The black bear claws you.
* * * LOW HITPOINT WARNING * * *
The black bear closely misses you.
The gnoll bouda gazes fiercely through you!
You feel your attacks grow feeble.
The gnoll bouda hits you with a +0 club!
You die...

#### ##..##
#....#
+..hg####
#.@##..###...#
#+#'....##...#
##....##...#
##.)###...#
##'###...#
##..##...#
#....#...#
#....'...#
+#..##...#


You could see a black bear (berserk) and a gnoll bouda.

Vanquished Creatures
  A water moccasin (D:5)
  A howler monkey (D:4)
  Terence (D:3)
  2 iguanas (D:5)
  5 gnolls
  4 adders
  3 worms
  3 dart slugs
  2 orcs
  5 ball pythons
  A bat (D:1)
  5 endoplasms
  4 giant cockroaches
  7 goblins
  3 hobgoblins
  6 kobolds
  3 quokkas
  2 frilled lizards
  5 rats
63 creatures vanquished.

Notes
Turn   | Place    | Note
-------+----------+-------------------------------------------
     0 | D:1      | BuddhaDhamma the Minotaur Berserker began the quest for the
                  | Orb.
     0 | D:1      | Reached XP level 1. HP: 19/19 MP: 0/0
   187 | D:1      | Reached skill level 4 in Axes
   349 | D:1      | Reached XP level 2. HP: 26/26 MP: 1/1
   681 | D:1      | Reached ** piety under Trog
   682 | D:1      | Reached skill level 5 in Axes
   992 | D:2      | Reached XP level 3. HP: 31/31 MP: 2/2
  1009 | D:2      | Found a faded altar of an unknown god.
  1991 | D:3      | Reached skill level 6 in Axes
  1991 | D:3      | Reached XP level 4. HP: 32/39 MP: 3/3
  2088 | D:3      | Noticed Terence
  2097 | D:3      | Killed Terence
  2233 | D:3      | Found a stormy altar of Qazlal.
  2605 | D:4      | Reached skill level 7 in Axes
  2605 | D:4      | Reached XP level 5. HP: 42/45 MP: 4/4
  3235 | D:5      | Entered Level 5 of the Dungeon
  3277 | D:5      | Noticed a water moccasin
  3285 | D:5      | Killed a water moccasin
  3286 | D:5      | Reached skill level 8 in Axes
  3286 | D:5      | Reached XP level 6. HP: 50/51 MP: 5/5
  3506 | D:5      | HP: 1/76 [black bear (5)]
  3506 | D:5      | Mangled by a gnoll bouda

Illustrated notes

Levels and vault maps discovered:
D:1:      scummos_arrival_checkerplants, layout_rooms, serial_glass,
          glass_columns_c, glass_columns_b, glass_columns_b, glass_columns_a,
          glass_columns_a, glass_columns_a, glass_columns_a, glass_columns_a,
          glass_columns_a, glass_columns_a, minivault_14, dk_noncrumbling_3,
          minivault_26
D:2:      layout_loops_corners, hellmonk_ecumenical_altar_heavens_door
D:3:      layout_basic, mainiacjoe_overflow_chevrons, uniq_terence
D:4:      layout_cave_pools
D:5:      minmay_bubble_buster, layout_gridville,
          mainiacjoe_overflow_tiny_flanked, mainiacjoe_overflow_six_doors_small,
          minmay_temple_entry_butterflies

Skill      XL: |  1  2  3  4  5 |
---------------+----------------+-----
Axes           | 4 5 6 7 8 |  8.8
Fighting       | |  3.6
Armour         | |  2.4
Dodging        | |  2.1

Action                   |  1- 3 |  4- 6 || total
-------------------------+-------+-------++-------
Melee: Hand axe          |    69 |    69 ||   138
       Punch             |     2 |     1 ||     3
       Headbutt          |     8 |    12 ||    20
Throw: Dart              |    12 |     8 ||    20
Invok: Berserk           |       |     3 ||     3
Armor: Animal skin       |     1 |       ||     1
       Ring mail         |    24 |     1 ||    25
       Scale mail        |       |    10 ||    10
       Chain mail        |       |    13 ||    13
Dodge: Dodged            |    44 |    23 ||    67
